 Dungeon Crawl Stone Soup version 0.28-a0-687-gb91baff9cc (webtiles) character file.

Game seed: 811665549101682439

63 khargal the Sneak (level 4, 0/21 HPs)
             Began as a Vine Stalker Enchanter on Oct 19, 2021.
             Slain by Terence (8 damage)
             ... on level 3 of the Dungeon.
             The game lasted 00:06:22 (2782 turns).

khargal the Sneak (Vine Stalker Enchanter)          Turns: 2782, Time: 00:06:23

Health: 0/21       AC:  2    Str: 10    XL:     4   Next: 10%
Magic:  0/9        EV: 12    Int: 15    God:
Gold:   154        SH:  0    Dex: 16    Spells: 6/8 levels left

rFire   . . .      SeeInvis .   j - +2 dagger (drain)
rCold   . . .      Faith    .   (no shield)
rNeg    . . .      Spirit   +   b - +0 robe
rPois   .          Reflect  .   (no helmet)
rElec   .          Harm     .   (no cloak)
rCorr   .          Rampage  .   (no gloves)
Will    .....                   (no boots)
Stlth   +++.......              (no amulet)
HPRegen 1.07/turn               (no ring)
MPRegen 0.11/turn               (no ring)

@: no status effects
A: fangs 2, regeneration 1, magic shield, antimagic bite, no potion heal 2
a: no special abilities


You were on level 3 of the Dungeon.
You visited 1 branch of the dungeon, and saw 3 of its levels.

You collected 154 gold pieces.

Inventory:

Hand Weapons
 a - a +1 dagger
 j - a +2 dagger of draining (weapon)
Armour
 b - a +0 robe (worn)
Scrolls
 e - a scroll of vulnerability
 h - a scroll of blinking {unknown}
 i - a scroll of identify
 k - a scroll of holy word {unknown}
Potions
 c - 2 potions of invisibility
 d - a potion of heal wounds {unknown}
 f - 2 potions of curing {unknown}
 g - a potion of lignification {unknown}


   Skills:
 + Level 0.2 Fighting
 + Level 1.2 Short Blades
 + Level 1.9 Dodging
 + Level 4.6 Stealth
 + Level 2.7 Spellcasting
 + Level 3.3 Hexes
 + Level 0.5 Ice Magic


You had 6 spell levels left.
You knew the following spells:

 Your Spells              Type           Power      Damage    Failure   Level
a - Ensorcelled Hibernat  Hex/Ice        14%        N/A       14%         2

Your spell library contained the following spells:

 Spells                   Type           Power      Damage    Failure   Level
 Confusing Touch          Hex            12%        N/A       16%         3
 Tukima's Dance           Hex            12%        N/A       16%         3
 Dazzling Flash           Conj/Hex       14%        N/A       30%         3
 Olgreb's Toxic Radiance  Pois           2%         N/A       90%         4
 Ozocubu's Refrigeration  Ice            1%         4d5       100%        7
 Ignition                 Fire           1%         3d3       100%        8


Dungeon Overview and Level Annotations

Branches:
Dungeon (3/15)

Altars:

Annotations:
D:3 Terence; trm's ghost, amateur OpCj


Innate Abilities, Weirdness & Mutations

You have extremely sharp teeth.
Your natural rate of healing is unusually fast.
When hurt, damage is shared between your health and your magic reserves.
Your bite disrupts and absorbs the magic of your enemies.
Potions cannot restore your health.


Message History

A worm comes into view.
You hit Terence but do no damage. You drain Terence.
Terence is moderately wounded.
Terence closely misses you.
Your magical contamination has completely faded away.
Terence hits you with a +3 short sword of protection.
Terence hits you with a +3 short sword of protection.
* * * LOW HITPOINT WARNING * * *
Casting: Ensorcelled Hibernation (safe; 14% risk of failure)
Confirm with . or Enter, or press ? or * to list all spells.
Aiming: Ensorcelled Hibernation (safe; 14% risk of failure)
Press: ? - help, Shift-Dir - straight line, f/p - Terence
Aim: Terence, wielding a +3 short sword of protection and wearing a +0 ring mail (lightly wounded, heavily drained, chance to affect: 51%) Terence resists with significant effort.
Terence misses you.
You barely miss Terence. Your bite misses Terence.
Terence is lightly wounded.
Terence misses you.
You hit Terence.
Terence is moderately wounded.
Terence hits you with a +3 short sword of protection.
You hit Terence but do no damage. You drain Terence. You bite Terence.
You drain his power.
You feel invigorated.
Terence is heavily wounded.
Terence hits you with a +3 short sword of protection.
You barely miss Terence.
Terence is heavily wounded.
Terence misses you.
You hit Terence but do no damage.
Terence is heavily wounded.
You hit Terence but do no damage. You drain Terence. Your bite misses Terence.
Terence is heavily wounded.
Terence hits you with a +3 short sword of protection!
You hit Terence. You drain Terence.
Terence is almost dead.
Terence hits you with a +3 short sword of protection.
You hit Terence but do no damage.
Terence is almost dead.
Terence hits you with a +3 short sword of protection!
You die...

#.#........###..#
#.#.............#
#..............##
##..#####.###..######
#..# #.........†...
#..# ##.###..#####.
#..# ### #..# #..####
#... #..@@.# ...#<
#.###.# #...#. #.#
#.### #..## #
#.###...# #..
#.......# $.#
#####...# ..# #..##
..# #..# ..# #..# .<#


You could see Terence (drained).

Vanquished Creatures
  An adder (D:2)
  3 dart slugs
  An orc (D:2)
  3 ball pythons
  4 endoplasms (D:1)
  3 giant cockroaches
  5 goblins
  4 hobgoblins
  2 jackals (D:2)
  2 quokkas
  3 bats
  4 frilled lizards
  4 kobolds
  5 rats (D:1)
44 creatures vanquished.

Notes
Turn   | Place    | Note
-------+----------+-------------------------------------------
     0 | D:1      | khargal the Vine Stalker Enchanter began the quest for the
                  | Orb.
     0 | D:1      | Reached XP level 1. HP: 9/9 MP: 4/4
   382 | D:1      | Reached XP level 2. HP: 13/13 MP: 6/6
   385 | D:1      | Learned a level 2 spell: Ensorcelled Hibernation
   552 | D:1      | Reached skill level 4 in Stealth
   937 | D:1      | Found a faded altar of an unknown god.
   991 | D:1      | Reached skill level 1 in Short Blades
  1178 | D:1      | Reached XP level 3. HP: 16/16 MP: 8/8
  2305 | D:2      | Gained mutation: Your natural rate of healing is unusually
                  | fast. [Vine Stalker growth]
  2305 | D:2      | Reached XP level 4. HP: 21/21 MP: 9/9
  2704 | D:3      | Noticed trm's ghost (amateur OpCj)
  2746 | D:3      | Noticed Terence
  2782 | D:3      | Slain by Terence

Illustrated notes

Levels and vault maps discovered:
D:1:      ebering_trefoil_twist, layout_basic, shapermc_ecumenical_altar_pompeii
D:2:      layout_rooms, minmay_strange_pillars, minivault_14,
          minmay_misc_feat_more_columns, kennysheep_generic_room_12
D:3:      layout_loops_ring, gammafunk_ghost_split, columned_hall_lemuel,
          uniq_robin, uniq_terence

Skill      XL: |  1  2 |
---------------+-------+-----
Stealth        | 4 |  4.6
Short Blades   | 1 |  1.2
Fighting       | |  0.2
Dodging        | |  1.9
Spellcasting   | |  2.7
Hexes          | |  3.3
Ice Magic      | |  0.5

Action                   |  1- 3 |  4- 6 || total
-------------------------+-------+-------++-------
Melee: Dagger            |    90 |    23 ||   113
       Bite              |    20 |     2 ||    22
 Cast: Ensorcelled Hiber |    12 |     4 ||    16
  Use: Scroll            |     1 |       ||     1
 Stab: Sleeping          |    16 |     2 ||    18
Armor: Robe              |    13 |       ||    13
Dodge: Dodged            |    47 |    12 ||    59

Table legend: (Time is in decaauts)
 A = Elapsed time spent in this place.
 B = Non-inter-level travel time spent in this place.
 C = Inter-level travel time spent in this place.
 D = Time resting spent in this place.
 E = Time spent auto-exploring this place.
 F = Levels seen in this place.
 G = Mean time per level.
                   A        B        C        D        E       F      G
               +--------+--------+--------+--------+--------+-----+--------+
         Total |   2777 |   2575 |    202 |      0 |   2194 |   3 |  925.7 |
       Dungeon |   2777 |   2575 |    202 |      0 |   2194 |   3 |  925.7 |
               +--------+--------+--------+--------+--------+-----+--------+

Top non-repeatable levels by time:
     D:1: 1769 daAuts
     D:2: 897 daAuts
     D:3: 110 daAuts
